 Dungeon Crawl Stone Soup version 0.17-a0-1-g1f4be75 (console) character file.

450 Fusha the Gusty (level 7, -5/57 HPs)
             Began as a Naga Air Elementalist on Mar 9, 2015.
             Slain by a gnoll
             ... wielding a +0 halberd
              (10 damage)
             ... on level 3 of the Dungeon.
             The game lasted 00:17:30 (4492 turns).

Fusha the Gusty (Naga Air Elementalist)             Turns: 4492, Time: 00:17:32

Health: -5/57      AC:  8    Str: 10    XL:     7   Next: 4%
Magic:  11/17      EV:  9    Int: 18    God:
Gold:   140        SH:  0    Dex: 11    Spells: 4 memorised, 4 levels left

rFire  . . .     SeeInvis +     g - +2 quarterstaff (chaos)
rCold  . . .     Clarity  .     h - +3 leather armour
rNeg   . . .     SustAb   .     (no shield)
rPois  +         Gourm    .     (no helmet)
rElec  .         Spirit   .     j - +0 cloak
rCorr  .         Warding  .     q - +0 pair of gloves
rMut   .         Stasis   .     (no barding)
MR     .....                    o - amulet of faith
Stlth  ++........               (no ring)
                                (no ring)

@: very slow, not resistant to hostile enchantments, unstealthy
A: spit poison, see invisible, deformed body, poison resistance, slowness 2, AC
+2
a: Spit Poison


You were on level 3 of the Dungeon.
You were not hungry.

You visited 1 branch of the dungeon, and saw 3 of its levels.

You collected 140 gold pieces.

Inventory:

Hand weapons
 g - a +2 quarterstaff of chaos (weapon)
 i - a +0 short sword
Missiles
 d - 22 stones (quivered)
 s - 2 throwing nets
Armour
 a - a +0 robe
 h - a +3 leather armour (worn)
 j - a +0 cloak (worn)
 q - a +0 pair of gloves (worn)
Jewellery
 o - an amulet of faith (around neck)
Magical devices
 u - a wand of slowing (28)
Scrolls
 f - 3 scrolls of identify
 k - a scroll of recharging
 m - a scroll of noise
 n - a scroll of enchant armour {unknown}
 p - a scroll of random uselessness {unknown}
 t - a scroll of teleportation {unknown}
Potions
 l - a potion of brilliance
 r - a potion of haste
Books
 b - a book of Air

   Spells                             Type                      Level
   a - Shock                          Conjuration/Air              1
   b - Swiftness                      Charms/Air                   2
   c - Repel Missiles                 Charms/Air                   2
   d - Flight                         Charms/Air                   3
   e - Static Discharge               Conjuration/Air              3
   f - Lightning Bolt                 Conjuration/Air              5
Comestibles
 c - a bread ration


   Skills:
 + Level 1.1 Fighting
 + Level 0.2 Staves
 + Level 0.6 Throwing
 + Level 2.1 Dodging
 + Level 3.8 Stealth
 + Level 4.0 Spellcasting
 + Level 3.3 Conjurations
 + Level 4.7 Air Magic


You had 4 spell levels left.
You knew the following spells:

 Your Spells              Type           Power        Failure   Level  Hunger
a - Shock                 Conj/Air       ###.         4%          1    None
b - Swiftness             Chrm/Air       ##......     14%         2    ##.....
c - Repel Missiles        Chrm/Air       ##....       14%         2    ##.....
d - Lightning Bolt        Conj/Air       ###.......   90%         5    ######.


Dungeon Overview and Level Annotations

Branches:
Dungeon (3/15)

Altars:
Dithmenos
Okawaru


Innate Abilities, Weirdness & Mutations

You cannot wear boots.
You can spit poison.
Your serpentine skin is tough (AC +2).
You have supernaturally acute eyesight.
Armour fits poorly on your strangely shaped body.
Your system is resistant to poisons.
You cover ground very slowly.


Message History

Aim: a gnoll, wielding a spear of venom (heavily wounded)
The zap hits the gnoll.
The gnoll appears unharmed.
The gnoll is heavily wounded.
The zap misses the gnoll.
The gnoll hits you but does no damage. The gnoll hits you with a flail!
* * * LOW HITPOINT WARNING * * *
Drink which item? (? for menu, Esc to quit)
You feel better. The gnoll barely misses you. The gnoll barely misses you.
The gnoll hits you with a flail.
* * * LOW HITPOINT WARNING * * *
An ogre comes into view. It is wielding a giant club.
Read which item? (? for menu, Esc to quit)
As you read the scroll labeled REAPRA NEKES, it crumbles to dust.
You hear a loud clanging noise!
It was a scroll of noise.
You hear a shout! x8
The gnoll hits you from afar with a spear of venom.
* * * LOW HITPOINT WARNING * * *
The gnoll hits you from afar with a halberd!
You die...

############################## .
# . # #######. #........
........# . ..g..g..# #.
#....g..# #. ################O#
#. ....'...@'gg.....# .#. .
g...#...g#g......# ..#. #
#....#.......# #'##
#############''''#############g..
#......))....................#g..
#≈≈≈≈≈≈≈≈≈≈≈≈.)..≈≈≈≈≈≈≈≈≈≈≈≈####
≈≈≈≈≈≈≈≈≈≈≈≈≈....≈≈≈≈≈≈≈≈≈≈≈≈≈≈≈≈
≈≈≈≈≈≈≈≈≈≈≈≈≈....)≈≈≈≈≈≈≈≈≈≈≈≈≈≈≈
.......)........................)


You could see an ogre and 5 gnolls.

Vanquished Creatures
  Sigmund (D:2)
  Crazy Yiuf (D:2)
  An orc priest (D:3)
  An orc wizard (D:3)
  Terence (D:3)
  2 adders
  16 gnolls
  A worm (D:3)
  A giant gecko (D:1)
  6 orcs (D:3)
  5 giant cockroaches
  7 hobgoblins
  19 jackals
  A ball python (D:2)
  8 bats
  5 giant newts
  10 goblins
  7 kobolds
  A quokka (D:2)
  12 rats
106 creatures vanquished.

Notes
Turn   | Place    | Note
--------------------------------------------------------------
     0 | D:1      | Fusha, the Naga Air Elementalist, began the quest for the Orb.
     0 | D:1      | Reached XP level 1. HP: 15/15 MP: 3/3
   333 | D:1      | Reached XP level 2. HP: 22/22 MP: 2/4
   969 | D:1      | Learned a level 2 spell: Swiftness
   972 | D:1      | Learned a level 2 spell: Repel Missiles
  1270 | D:1      | Reached XP level 3. HP: 20/28 MP: 0/6
  1600 | D:2      | Noticed Sigmund
  1708 | D:1      | Reached XP level 4. HP: 13/37 MP: 6/8
  1985 | D:2      | Killed Sigmund
  1985 | D:2      | Reached skill level 1 in Fighting
  1985 | D:2      | Reached skill level 4 in Air Magic
  1985 | D:2      | Reached XP level 5. HP: 13/44 MP: 0/11
  2250 | D:2      | Noticed Crazy Yiuf
  2261 | D:2      | Killed Crazy Yiuf
  2814 | D:2      | Found an iron altar of Okawaru.
  2821 | D:2      | Learned a level 5 spell: Lightning Bolt
  3143 | D:3      | Reached XP level 6. HP: 51/51 MP: 0/13
  3338 | D:3      | Noticed Terence
  3367 | D:3      | Killed Terence
  3555 | D:3      | Found a shadowy altar of Dithmenos.
  4466 | D:3      | Reached XP level 7. HP: 53/57 MP: 15/15
  4490 | D:3      | HP: 1/57 [gnoll/flail (14)]
  4492 | D:3      | Noticed an ogre
  4492 | D:3      | Slain by a gnoll

Action                   |  1- 3 |  4- 6 |  7- 9 || total
-------------------------+-------+-------+-------++-------
Melee: Unarmed           |    13 |       |       ||    13
       Short sword       |    13 |    22 |       ||    35
       Quarterstaff      |       |    20 |       ||    20
Throw: Stone             |    14 |       |       ||    14
 Cast: Shock             |    56 |   185 |     5 ||   246
 Abil: Spit Poison       |       |     2 |       ||     2
  Use: Potion            |     2 |     3 |     1 ||     6
       Scroll            |       |     4 |     1 ||     5
 Stab: Sleeping          |     1 |       |       ||     1
  Eat: Meat ration       |     1 |       |       ||     1
       Bread ration      |       |     2 |       ||     2
